 Dungeon Crawl Stone Soup version 0.27-a0-984-g00e00afbbc (webtiles) character file.

Game seed: 7208536668088635750

4638 Morbidden the Grappler (level 10, -10/96 HPs)
             Began as a Troll Transmuter on Apr 15, 2021.
             Was an Elder of Nemelex Xobeh.
             Killed from afar by a gargoyle (25 damage)
             ... with a stone arrow
             ... on level 10 of the Dungeon.
             The game lasted 00:11:53 (6798 turns).

Morbidden the Grappler (Troll Transmuter)           Turns: 6798, Time: 00:11:54

Health: -10/96     AC:  4    Str: 20    XL:     10   Next: 20%
Magic:  23/23      EV: 10    Int: 12    God:    Nemelex Xobeh [****..]
Gold:   396        SH:  0    Dex: 10    Spells: 11/16 levels left

rFire    . . .     SeeInvis .     - Unarmed
rCold    . . .     Faith    .   (no shield)
rNeg     + . .     Spirit   .   a - +0 robe
rPois    .         Reflect  .   (helmet restricted)
rElec    .         Harm     .   (no cloak)
rCorr    .         Rampage  .   (gloves unavailable)
Will     .....                  (boots unavailable)
Stlth    ++........             (no amulet)
HPRegen  1.26/turn              j - ring of positive energy
MPRegen  0.18/turn              s - ring of magical power

@: no status effects
A: large, unfitting armour, claws 3, regeneration 1, shaggy fur 1, tough skin 1
a: Renounce Religion, Draw Escape, Draw Destruction, Draw Summoning, Triple
Draw, Deal Four


You were on level 10 of the Dungeon.
You worshipped Nemelex Xobeh.
Nemelex Xobeh was greatly pleased with you.
You visited 1 branch of the dungeon, and saw 9 of its levels.

You collected 396 gold pieces.

Inventory:

Missiles
 p - 11 javelins (quivered)
Armour
 a - a +0 robe (worn)
Jewellery
 j - a ring of positive energy (left claw)
 q - a ring of protection from cold
 r - an amulet of faith
 s - a ring of magical power (right claw)
Wands
 C - a wand of acid (6)
 D - a wand of charming (2)
Scrolls
 b - 5 scrolls of teleportation {unknown}
 c - a scroll of immolation {unknown}
 e - a scroll of holy word {unknown}
 f - 3 scrolls of vulnerability {unknown}
 g - 5 scrolls of identify {unknown}
 l - a scroll of silence {unknown}
 m - a scroll of magic mapping {unknown}
 n - 3 scrolls of amnesia {unknown}
 x - a scroll of enchant armour {unknown}
 y - a scroll of brand weapon {unknown}
 B - a scroll of noise {unknown}
Potions
 d - 2 potions of degeneration {unknown}
 h - a potion of magic {unknown}
 i - a potion of mutation {unknown}
 k - 2 potions of might {unknown}
 o - 2 potions of flight {unknown}
 t - a potion of brilliance {unknown}
 u - 2 potions of heal wounds {unknown}
 v - a potion of attraction {unknown}
 z - a potion of berserk rage
 A - a potion of invisibility {unknown}
Miscellaneous
 w - a phantom mirror


   Skills:
 * Level 5.0 Fighting
 + Level 0.5 Throwing
 + Level 4.2 Dodging
 + Level 1.4 Stealth
 + Level 8.9 Unarmed Combat
 * Level 3.6 Spellcasting
 * Level 0.2 Conjurations
 * Level 4.1 Transmutations
 * Level 4.6 Invocations


You had 11 spell levels left.
You knew the following spells:

 Your Spells              Type           Power      Damage    Failure   Level
a - Beastly Appendage     Tmut           24%        N/A       4%          1
b - Wereblood             Tmut           12%        N/A       6%          2
c - Searing Ray           Conj           4%         3d3       32%         2

Your spell library contained the following spells:

 Spells                   Type           Power      Damage    Failure   Level
 Magic Dart               Conj           8%         1d3       22%         1
 Spider Form              Tmut/Pois      3%         N/A       30%         3
 Dazzling Flash           Conj/Hex       4%         N/A       54%         3
 Ice Form                 Ice/Tmut       7%         N/A       69%         4
 Hydra Form               Tmut           6%         N/A       75%         5
 Fulminant Prism          Conj/Hex       1%         3d6       91%         4
 Iskenderun's Mystic Bla  Conj/Tloc      2%         2d3       91%         4
 Cause Fear               Hex            1%         N/A       93%         4
 Yara's Violent Unravell  Hex/Tmut       3%         3d4       95%         5
 Silence                  Hex/Air        1%         N/A       100%        5
 Discord                  Hex            1%         N/A       100%        8


Dungeon Overview and Level Annotations

Branches:
Dungeon (10/15)            Temple (0/1) D:6            Lair (0/6) D:9
    Orc: D:9-12

Altars:
Dithmenos
Elyvilon
Kikubaaqudgha
Nemelex Xobeh
Okawaru
Uskayaw
Xom
Zin

Shops:
D:9 ?(


Innate Abilities, Weirdness & Mutations

You are too large for most types of armour.
You have claws for hands.
Your natural rate of healing is unusually fast.
You are covered in fur. (AC +1)
You have tough skin. (AC +1)


Message History

A howler monkey is nearby!
You scratch the howler monkey.
You kill the howler monkey!
You now have 396 gold pieces (gained 10).
A gargoyle comes into view. It is wielding a +0 mace.
The gargoyle hurls a stone arrow at you.
The stone arrow hits you.
The gargoyle hurls a stone arrow at you.
The stone arrow hits you!
A gargoyle is nearby!
A gargoyle is nearby!
The gargoyle hurls a stone arrow at you.
The stone arrow hits you!
A gargoyle is nearby!
The gargoyle hits you with a +0 mace!
A gargoyle is nearby!
You claw the gargoyle!
The gargoyle is moderately damaged.
The gargoyle hurls a stone arrow at you.
The stone arrow hits you!!
You are too injured to fight recklessly!
You are too injured to fight recklessly!
You are too injured to fight recklessly!
You are too injured to fight recklessly!
You are too injured to fight recklessly!
You are too injured to fight recklessly!
A gargoyle is nearby!
You are too injured to fight recklessly!
You scratch the gargoyle but do no damage.
The gargoyle is moderately damaged.
You scratch the gargoyle but do no damage.
The gargoyle is moderately damaged.
The gargoyle hits you with a +0 mace!!
* * * LOW HITPOINT WARNING * * *
You claw the gargoyle!
The gargoyle is severely damaged.
The gargoyle hurls a stone arrow at you.
The stone arrow hits you!!
You die...
Your body glows with a rainbow of weird colours and disappears.

#....).# ...
#.)#)#..........
###..[)######.....
#...))##.......#
#.........)#...# .
#............### #..
#...<...............
#....)).....###...
#....†.@.....##.##
###..#9##.##....#
##.#.##.###.†......
#.#..... .....#.##
..#.#...#..##...#
#.....###.## #.##
..<#..# #. ## .###
.. .#


You could see a gargoyle.

Vanquished Creatures
  Pikel (D:6)
  A troll (D:10)
  A wraith (D:9)
  A water moccasin (D:5)
  A hornet zombie (D:7)
  2 sky beasts
  2 black bears (D:6)
  An orc warrior (D:9)
  2 necrophages (D:5)
  4 ice beasts
  5 ogres
  3 centaurs
  4 lemures
  2 kobold brigands (D:9)
  2 bullfrogs
  2 scorpions
  A wyvern skeleton (D:7)
  A water moccasin skeleton (D:7)
  2 jellies
  6 wights
  2 howler monkeys (D:10)
  2 bullfrog zombies
  A crimson imp (D:10)
  A centaur skeleton (D:5)
  3 orc priests
  5 hounds
  8 orc wizards
  2 bullfrog skeletons
  An iguana (D:4)
  A killer bee zombie (D:9)
  A hound skeleton (D:5)
  A howler monkey zombie (D:9)
  10 adders
  An ufetubus (D:5)
  An adder skeleton (D:4)
  A worm (D:5)
  6 dart slugs
  33 orcs
  7 bats
  7 endoplasms
  2 giant cockroaches
  7 goblins
  7 hobgoblins
  9 jackals
  2 quokkas
  8 ball pythons
  A frilled lizard (D:2)
  10 kobolds
  8 rats
192 creatures vanquished.

Vanquished Creatures (collateral kills)
  An ugly thing (D:9)
1 creature vanquished.

Vanquished Creatures (others)
  An orc wizard (D:10)
  An orc (D:10)
  A plant (D:1)
3 creatures vanquished.

Grand Total: 196 creatures vanquished

Notes
Turn   | Place    | Note
-------+----------+-------------------------------------------
     0 | D:1      | Morbidden the Troll Transmuter began the quest for the Orb.
     0 | D:1      | Reached XP level 1. HP: 18/18 MP: 1/1
   314 | D:1      | Found a faded altar of an unknown god.
   350 | D:1      | Reached XP level 2. HP: 26/26 MP: 2/2
   351 | D:1      | Reached skill level 1 in Fighting
   388 | D:1      | Became a worshipper of Nemelex Xobeh the Trickster
   388 | D:1      | Reached * piety under Nemelex Xobeh
   574 | D:2      | Reached XP level 3. HP: 33/33 MP: 2/4
   597 | D:2      | Found a white marble altar of Elyvilon.
   678 | D:2      | Reached skill level 4 in Unarmed Combat
   696 | D:2      | Reached XP level 4. HP: 40/41 MP: 5/5
   704 | D:2      | Received a gift from Nemelex Xobeh
   767 | D:2      | You fall into a shaft and drop 2 floors!
   785 | D:4      | Noticed Pikel
   785 | D:4      | Noticed a lemure
   786 | D:4      | Noticed a lemure
   786 | D:4      | Noticed a lemure
   786 | D:4      | Noticed a lemure
   880 | D:3      | Reached ** piety under Nemelex Xobeh
  1818 | D:2      | Received a gift from Nemelex Xobeh
  1949 | D:2      | Reached XP level 5. HP: 39/48 MP: 6/6
  2086 | D:3      | Killed a lemure
  2316 | D:4      | Killed a lemure
  2366 | D:4      | Killed a lemure
  2417 | D:4      | Reached XP level 6. HP: 57/57 MP: 7/7
  2440 | D:4      | Reached skill level 5 in Unarmed Combat
  2516 | D:4      | Received a gift from Nemelex Xobeh
  2566 | D:4      | Reached *** piety under Nemelex Xobeh
  2594 | D:4      | Found a shimmering altar of Xom.
  2595 | D:4      | Found a sparkling altar of Nemelex Xobeh.
  2596 | D:4      | Found a glowing silver altar of Zin.
  2764 | D:4      | Found an ancient bone altar of Kikubaaqudgha.
  2770 | D:4      | Reached skill level 1 in Invocations
  3001 | D:4      | Found a shimmering altar of Xom.
  3002 | D:4      | Found a sparkling altar of Nemelex Xobeh.
  3003 | D:4      | Found a glowing silver altar of Zin.
  3092 | D:4      | Found an ancient bone altar of Kikubaaqudgha.
  3415 | D:5      | Entered Level 5 of the Dungeon
  3627 | D:5      | Reached XP level 7. HP: 37/65 MP: 9/9
  3691 | D:5      | HP: 3/66 [poisoned by a water moccasin]
  3696 | D:5      | HP: 1/99 [poisoned by a water moccasin]
  3701 | D:5      | HP: 1/66 [poisoned by a water moccasin]
  3750 | D:5      | Found a shadowy altar of Dithmenos.
  3791 | D:5      | Found a hide-covered altar of Uskayaw.
  3793 | D:5      | Received a gift from Nemelex Xobeh
  3852 | D:5      | Reached skill level 6 in Unarmed Combat
  4017 | D:5      | Reached XP level 8. HP: 68/74 MP: 10/10
  4251 | D:6      | Killed Pikel
  4252 | D:6      | Reached skill level 1 in Stealth
  4252 | D:6      | Reached skill level 7 in Unarmed Combat
  4416 | D:6      | Found a staircase to the Ecumenical Temple.
  4440 | D:6      | Reached XP level 9. HP: 63/84 MP: 12/12
  4561 | D:6      | Found an iron altar of Okawaru.
  4695 | D:6      | Reached **** piety under Nemelex Xobeh
  4696 | D:6      | Received a gift from Nemelex Xobeh
  5368 | D:7      | Reached skill level 8 in Unarmed Combat
  5431 | D:7      | Received a gift from Nemelex Xobeh
  5701 | D:7      | You fall into a shaft and drop 2 floors!
  5702 | D:9      | Noticed a brown ugly thing
  5826 | D:9      | Killed a brown ugly thing
  5992 | D:9      | Reached skill level 5 in Fighting
  6043 | D:9      | Reached XP level 10. HP: 60/96 MP: 14/14
  6130 | D:9      | Found a staircase to the Lair.
  6162 | D:9      | Received a gift from Nemelex Xobeh
  6166 | D:9      | Learned a level 2 spell: Wereblood
  6169 | D:9      | Learned a level 2 spell: Searing Ray
  6380 | D:9      | Found Nahozumi's Weapon Shop.
  6441 | D:9      | Found Huarops's Magic Scroll Shop.
  6623 | D:10     | Entered Level 10 of the Dungeon
  6790 | D:10     | Noticed a gargoyle
  6798 | D:10     | Killed from afar by a gargoyle

Illustrated notes

Levels and vault maps discovered:
D:1:      amcnicky_arrival_wind_blow, layout_basic,
          shapermc_ecumenical_altar_mp_urbaneastern, minmay_misc_feat_tiny,
          corexii_hall_statues_i, nrook_loot_triangle
D:2:      layout_rooms, basic_altar, minmay_indecisive_spiral
D:3:      corexii_shack_village, layout_loops_ring, minmay_misc_feat_nine_boxes
D:4:      layout_gridville, kiku_gazebo_pond_becter,
          chequers_temple_overflow_statue_of_worship, uniq_pikel
D:5:      layout_basic, lemuel_doored_altar, kennysheep_little_box
D:6:      layout_loops_ring, kennysheep_mini_moat, minmay_temple_entry_arrows
D:7:      layout_cave_pools, amethyst_overflow_temple_binary
D:9:      layout_loops_ring, lair_entry_dummy, serial_shops,
          nicolae_shop_waterfront, nicolae_shop_behind_doors,
          minmay_mirror_moons_of_madness
D:10:     layout_rooms, nicolae_sif_muna_little_library, orc_0_dummy,
          hangedman_minor_magic

Skill      XL: |  1  2  3  4  5  6  7  8  9 10 |
---------------+-------------------------------+-----
Fighting       | 1 2 3 5 |  5.0
Unarmed Combat | 4 5 6 7 8 |  8.9
Dodging        | 2 3 4 |  4.2
Transmutations | 2 3 4 |  4.1
Invocations    | 1 2 3 4 |  4.6
Spellcasting   | 2 3 |  3.6
Stealth        | 1 |  1.4
Throwing       | |  0.5
Conjurations   | |  0.2

Action                   |  1- 3 |  4- 6 |  7- 9 | 10-12 || total
-------------------------+-------+-------+-------+-------++-------
Melee: Unarmed           |    68 |   244 |   268 |    82 ||   662
       Punch             |     1 |     2 |     5 |     2 ||    10
       Kick              |       |       |       |     3 ||     3
       Headbutt          |       |       |       |     1 ||     1
Throw: Javelin           |       |       |     5 |     1 ||     6
 Cast: Beastly Appendage |       |       |       |     1 ||     1
Invok: Draw Destruction  |       |     1 |     9 |     2 ||    12
       Draw Summoning    |       |       |     2 |       ||     2
       Draw Escape       |       |       |     1 |       ||     1
  Use: Potion            |       |       |     1 |       ||     1
 Stab: Sleeping          |     2 |       |       |       ||     2
Armor: Robe              |    32 |    70 |    63 |    29 ||   194
Dodge: Dodged            |    27 |   109 |   123 |    42 ||   301

Table legend: (Time is in decaauts)
 A = Elapsed time spent in this place.
 B = Non-inter-level travel time spent in this place.
 C = Inter-level travel time spent in this place.
 D = Time resting spent in this place.
 E = Time spent auto-exploring this place.
 F = Levels seen in this place.
 G = Mean time per level.
                   A        B        C        D        E       F      G
               +--------+--------+--------+--------+--------+-----+--------+
         Total |   6757 |   6523 |    234 |    321 |   4828 |   9 |  750.8 |
       Dungeon |   6757 |   6523 |    234 |    321 |   4828 |   9 |  750.8 |
               +--------+--------+--------+--------+--------+-----+--------+

Top non-repeatable levels by time:
     D:4: 1379 daAuts
     D:9: 930 daAuts
     D:3: 877 daAuts
     D:6: 863 daAuts
     D:5: 768 daAuts
     D:7: 635 daAuts
     D:2: 569 daAuts
     D:1: 568 daAuts
    D:10: 165 daAuts
